 Dungeon Crawl Stone Soup version 0.30.0-5-g1a98f26d00 (webtiles) character file.

Game seed: 14241566446680677323

32 PoweredByGinger the Chopper (level 3, -2/31 HPs)
             Began as a Minotaur Berserker on May 10, 2023.
             Was a Follower of Trog.
             Slain by Sigmund
             ... wielding a +0 scythe of protection
              (4 damage)
             ... on level 2 of the Dungeon.
             The game lasted 00:01:07 (940 turns).

PoweredByGinger the Chopper (Minotaur Berserker)     Turns: 940, Time: 00:01:07

Health: -2/31      AC:  5    Str: 23    XL:     3   Next: 10%
Magic:  2/2        EV: 11    Int:  4    God:    Trog [*.....]
Gold:   7          SH:  0    Dex:  9    Spells: 2/2 levels left

rFire   . . .        a - +0 hand axe
rCold   . . .        (no shield)
rNeg    . . .        d - +0 ring mail
rPois   .            (helmet restricted)
rElec   .            (no cloak)
rCorr   .            (no gloves)
SInv    .            (no boots)
Will    .....        (no amulet) Stlth
                     (no ring)
HPRegen 0.25/turn    (no ring)
MPRegen 0.08/turn

%: no passive effects
@: on berserk cooldown, slowed, very slow
A: horns 2, retaliatory headbutt
a: Renounce Religion, Berserk


You were on level 2 of the Dungeon.
You worshipped Trog.
Trog was aware of your devotion.
You visited 1 branch of the dungeon, and saw 2 of its levels.

You collected 7 gold pieces.

Inventory:

Hand Weapons
 a - a +0 hand axe (weapon)
Missiles
 g - 10 poisoned darts (quivered)
Armour
 b - a +0 animal skin
 d - a +0 ring mail (worn)
Scrolls
 f - a scroll of immolation {unknown}
 m - 2 scrolls of identify {unknown}
 n - a scroll of amnesia {unknown}
Potions
 c - a potion of invisibility {unknown}
 e - a potion of heal wounds {unknown}
 h - a potion of brilliance {unknown}
 i - 2 potions of berserk rage {unknown}
 j - a potion of mutation {unknown}
 k - a potion of lignification {unknown}
 l - a potion of flight {unknown}
 o - a potion of curing {unknown}
 p - a potion of degeneration {unknown}


   Skills:
 - Level 3.6 Fighting
 * Level 4.7 Axes
 - Level 2.4 Armour
 + Level 2.9 Dodging


You had 2 spell levels left.
You didn't know any spells.
Your spell library was empty.

Dungeon Overview and Level Annotations

Branches:
Dungeon (2/15)

Altars:

Annotations:
D:2 Sigmund


Innate Abilities, Weirdness & Mutations

You have a pair of horns on your head.
You reflexively headbutt those who attack you in melee.


Message History

Sigmund gestures at you while chanting. The magic dart hits you!
Sigmund laughs darkly.
Sigmund barely misses you.
A red film seems to cover your vision as you go berserk!
You feel yourself moving faster!
You feel mighty!
You feel a strong urge to attack something.
Sigmund gestures at you while chanting.
You are confused.
Sigmund closely misses you.
You feel your anger nearly subside.
You bump into the rock wall.
You are no longer berserk.
You are exhausted.
You feel yourself slow down.
You bump into the rock wall.
Sigmund hits you but does no damage.
You bump into the rock wall.
Sigmund hits you with a +0 scythe of protection.
You closely miss Sigmund.
You feel less confused. Sigmund completely misses you.
Sigmund closely misses you.
You slash Sigmund!
Sigmund is moderately wounded.
Sigmund closely misses you. You furiously retaliate!
You headbutt Sigmund. You hit Sigmund.
Sigmund is heavily wounded.
Sigmund misses you. You furiously retaliate!
You headbutt Sigmund! You hit Sigmund but do no damage.
Sigmund is almost dead.
Sigmund casts a spell at you. The puff of flame hits you!
* * * LOW HITPOINT WARNING * * *
You closely miss Sigmund.
Sigmund is almost dead.
Sigmund hits you with a +0 scythe of protection.
* * * LOW HITPOINT WARNING * * *
You closely miss Sigmund.
Sigmund is almost dead.
Sigmund hits you with a +0 scythe of protection.
You die...

#.# #.# ##.####
##...#. .....
... #@# #@# #.#
#.# #.# #.# #.#
#.####### #####
#.......########
##...##
#.###..........#


You could see Sigmund.

Vanquished Creatures
  A dart slug (D:1)
  3 bats
  5 endoplasms
  A giant cockroach (D:1)
  A goblin (D:1)
  3 hobgoblins
  4 jackals (D:1)
  A quokka (D:1)
  A ball python (D:1)
  2 kobolds (D:1)
  4 rats
26 creatures vanquished.

Notes
Turn   | Place    | Note
-------+----------+-------------------------------------------
     0 | D:1      | PoweredByGinger the Minotaur Berserker began the quest for
                  | the Orb.
     0 | D:1      | Reached XP level 1. HP: 19/19 MP: 0/0
   280 | D:1      | Reached skill level 4 in Axes
   284 | D:1      | Reached XP level 2. HP: 26/26 MP: 1/1
   509 | D:1      | Reached XP level 3. HP: 28/31 MP: 2/2
   924 | D:2      | Noticed Sigmund
   940 | D:2      | Slain by Sigmund

Illustrated notes

Levels and vault maps discovered:
D:1:      minmay_arrival_split_and_join, layout_rooms, serial_aquarium,
          aquarium_bridge_long_separate [aquarium_subvault_wall,
          aquarium_subvault_bridge, aquarium_subvault_bridge,
          aquarium_subvault_bridge, aquarium_subvault_bridge,
          aquarium_subvault_wall], aquarium_window_fake, aquarium_window_fake,
          aquarium_window_fake, aquarium_view_2e, aquarium_balcony_1b,
          aquarium_pool_1
D:2:      layout_loops_corners, uniq_sigmund

Skill      XL: |  1 |
---------------+----+-----
Axes           | 4 |  4.7
Fighting       | |  3.6
Armour         | |  2.4
Dodging        | |  2.9

Action                     || total
---------------------------++-------
  Melee: Hand axe          ||    50
         Headbutt          ||     5
 Invoke: Berserk           ||     1
 Armour: Ring mail         ||    23
         Animal skin       ||     1
  Dodge: Dodged            ||    45
